 Dungeon Sprint DCSS version 0.18.1-8-gdd0e5ea (webtiles) character file.

2193 Hipnos the Covert (level 9, 0/43 HPs)
             Began as a Spriggan Transmuter on May 21, 2016.
             Was a Priest of Sif Muna.
             Slain by a demonic crawler (10 damage)
             ... in the Dungeon (Sprint I: "Red Sonja").
             The game lasted 00:06:55 (1519 turns).

Hipnos the Covert (Spriggan Transmuter)             Turns: 1519, Time: 00:06:56

Health: 0/43       AC:  2    Str:  7    XL:     9   Next: 12%
Magic:  24/24      EV: 31    Int: 16    God:    Sif Muna [***...]
Gold:   706        SH:  0    Dex: 22    Spells: 5 memorised, 13 levels left

rFire  . . .     SeeInvis +       - Unarmed
rCold  . . .     Gourm    .     (armour currently unavailable)
rNeg   . . .     Faith    .     (shield currently unavailable)
rPois  x         Spirit   .     (helmet currently unavailable)
rElec  .         Dismiss  .     (cloak currently unavailable)
rCorr  .         Reflect  .     (gloves unavailable)
SustAt .         Harm     .     (boots unavailable)
MR     +....     NoTele   +     (no amulet)
Stlth  ++++++++..               (no ring)
                                (no ring)

@: spider-form, somewhat resistant to hostile enchantments, extraordinarily
stealthy
A: unfitting armour, see invisible, herbivore 3, (speed 0), slow metabolism 2
a: End Transformation, Channel Energy, Renounce Religion


You were in the Dungeon.
You worshipped Sif Muna.
Sif Muna was most pleased with you.
You were not hungry.
You were a venomous arachnid creature.
You visited 1 branch You collected 822 gold pieces.
You spent 116 gold pieces at shops.

Inventory:

Missiles
 a - 5 arrows
 l - 4 bolts
Armour
 b - a +0 robe (melded)
 k - a +1 hat (melded)
Scrolls
 f - a scroll of fear {unknown}
 j - 2 scrolls of blinking
Potions
 e - 3 potions of curing
 g - a potion of haste
 h - a potion of magic
 i - a potion of berserk rage
Books
 c - a book of Changes

   Spells                             Type                      Level
   a - Beastly Appendage              Transmutation                1
   b - Sticks to Snakes               Transmutation                2
   c - Spider Form                    Transmutation/Poison         3
   d - Ice Form                       Ice/Transmutation            4
   e - Blade Hands                    Transmutation                5
Comestibles
 d - a bread ration


   Skills:
 + Level 2.6 Fighting
 + Level 8.7 Dodging
 * Level 13.9 Stealth
 * Level 10.8 Unarmed Combat
 + Level 10.2 Spellcasting
 * Level 11.6 Transmutations
 - Level 0.4 Poison Magic


You had 13 spell levels left.
You knew the following spells:

 Your Spells              Type           Power        Failure   Level  Hunger
a - Beastly Appendage     Trmt           #####.       1%          1    None
b - Sticks to Snakes      Trmt           #####...     1%          2    None
c - Spider Form           Trmt/Pois      ####......   8%          3    None
d - Blade Hands           Trmt           #####.....   8%          5    #####..
e - Ice Form              Ice/Trmt       ####....     28%         4    ###....


Dungeon Overview and Level Annotations

Branches:
Dungeon (1/1)

Altars:
Cheibriados
Dithmenos
Elyvilon
Fedhas
Gozag
Kikubaaqudgha
Makhleb
Nemelex Xobeh
Okawaru
Pakellas
Qazlal
Ru
Sif Muna
Trog
Vehumet
Xom
Yredelemnul
Zin
The Shining One
Jiyva

Shops:
D ([[


Innate Abilities, Weirdness & Mutations

You are tiny and cannot use many weapons and most armour.
You have supernaturally acute eyesight.
You are a herbivore.
((You cover ground extremely quickly.))
You need consume almost no food.


Message History

You barely miss the demonic crawler.
The demonic crawler is moderately wounded.
The demonic crawler misses you. The demonic crawler hits you.
The demonic crawler hits you! The demonic crawler misses you.
The demonic crawler completely misses you.
The demonic crawler closely misses you.
The demonic crawler completely misses you.
The demonic crawler hits you.
* * * LOW HITPOINT WARNING * * *
The demonic crawler misses you.
The demonic crawler barely misses you. x2
The demonic crawler completely misses you.
There is an open door here.
The demonic crawler misses you. The demonic crawler closely misses you.
The demonic crawler misses you.
There is an open door here.
The demonic crawler completely misses you. x3
There is an open door here.
The demonic crawler hits you!
You die...

##########################
#<.#.)'..#.)'ss#__#..'..)#
#..'..#..'..#..ss.s..#...##+#
#..#####'#####'#__####)..s..#
#).####..#...#.#### #####..+
#..#__####..##(# +##
#..#_.___##'#..+
#⌠⌠#_.∩...'..._#
####_..._##_.#'#
#_____###'#.# ###


You could see 4 demonic crawlers.

Vanquished Creatures
  Sonja (D)
  A deep troll (D)
  2 kobold demonologists (D)
  A slime creature (D)
  Sigmund (D)
  A yak (D)
  A giant eyeball (D)
  An ogre (D)
  A jelly (D)
  Ijyb (D)
  2 ballistomycetes (D)
  A giant spore (D)
14 creatures vanquished.

Vanquished Creatures (others)
  A gargoyle (D)
  A giant spore (D)
2 creatures vanquished.

Grand Total: 16 creatures vanquished

Notes
Turn   | Place    | Note
--------------------------------------------------------------
     0 | D        | Hipnos the Spriggan Transmuter began the quest for the Orb.
     0 | D        | Reached XP level 1. HP: 9/9 MP: 5/5
     2 | D        | Noticed Ijyb
    10 | D        | Killed Ijyb
    10 | D        | Reached skill level 2 in Stealth
    10 | D        | Reached XP level 2. HP: 6/14 MP: 5/7
   175 | D        | Learned a level 2 spell: Sticks to Snakes
   177 | D        | Noticed an ogre
   202 | D        | Killed an ogre
   202 | D        | Reached skill level 4 in Stealth
   202 | D        | Reached skill level 5 in Unarmed Combat
   202 | D        | Reached skill level 5 in Transmutations
   202 | D        | Reached XP level 3. HP: 16/17 MP: 0/9
   202 | D        | Reached XP level 4. HP: 20/21 MP: 0/10
   295 | D        | Learned a level 3 spell: Spider Form
   297 | D        | Noticed Sigmund
   306 | D        | Killed Sigmund
   306 | D        | Reached skill level 1 in Fighting
   306 | D        | Reached skill level 5 in Dodging
   306 | D        | Reached skill level 6 in Stealth
   306 | D        | Reached skill level 5 in Spellcasting
   306 | D        | Reached XP level 5. HP: 20/25 MP: 8/13
   371 | D        | Found a deep blue altar of Sif Muna.
   373 | D        | Found a radiant altar of Vehumet.
   377 | D        | Became a worshipper of Sif Muna the Loreminder
   380 | D        | Reached XP level 6. HP: 27/30 MP: 11/15
   410 | D        | Learned a level 5 spell: Blade Hands
   415 | D        | Learned a level 4 spell: Ice Form
   417 | D        | Found Gady's Antique Armour Emporium.
   417 | D        | Found a white marble altar of Elyvilon.
   417 | D        | Found a stormy altar of Qazlal.
   417 | D        | Found a burning altar of Makhleb.
   417 | D        | Found a sacrificial altar of Ru.
   417 | D        | Found an oddly glowing altar of Pakellas.
   417 | D        | Found a basalt altar of Yredelemnul.
   417 | D        | Found a glowing golden altar of the Shining One.
   417 | D        | Found a sparkling altar of Nemelex Xobeh.
   417 | D        | Found a shimmering altar of Xom.
   417 | D        | Found an opulent altar of Gozag.
   417 | D        | Found an ancient bone altar of Kikubaaqudgha.
   417 | D        | Found a glowing silver altar of Zin.
   417 | D        | Noticed a yak
   418 | D        | Found an iron altar of Okawaru.
   442 | D        | Killed a yak
   442 | D        | Reached skill level 8 in Stealth
   693 | D        | Found a bloodstained altar of Trog.
   694 | D        | Killed a gargoyle
   697 | D        | Bought an embroidered hat for 116 gold pieces
   728 | D        | Found a snail-covered altar of Cheibriados.
   728 | D        | Found a viscous altar of Jiyva.
   728 | D        | Found a shadowy altar of Dithmenos.
   728 | D        | Found a blossoming altar of Fedhas.
   728 | D        | Noticed a slime creature
   734 | D        | Killed a slime creature
   734 | D        | Reached * piety under Sif Muna
   734 | D        | Reached skill level 9 in Stealth
   734 | D        | Reached XP level 7. HP: 33/33 MP: 11/18
   747 | D        | Noticed a kobold demonologist
   748 | D        | Noticed a kobold demonologist
   750 | D        | Killed a kobold demonologist
   750 | D        | Reached skill level 10 in Stealth
   751 | D        | Reached ** piety under Sif Muna
   753 | D        | Noticed an orange demon
   766 | D        | Killed a kobold demonologist
   766 | D        | Reached skill level 11 in Stealth
   766 | D        | Reached skill level 10 in Unarmed Combat
   766 | D        | Reached skill level 10 in Transmutations
   766 | D        | Reached XP level 8. HP: 23/39 MP: 16/21
  1077 | D        | Noticed Sonja
  1081 | D        | Killed Sonja
  1081 | D        | Reached *** piety under Sif Muna
  1081 | D        | Reached skill level 13 in Stealth
  1091 | D        | Noticed a deep troll
  1095 | D        | Killed a deep troll
  1095 | D        | Reached skill level 10 in Spellcasting
  1095 | D        | Reached XP level 9. HP: 24/43 MP: 20/24
  1106 | D        | Found Pirghouky's Armour Emporium.
  1302 | D        | Found Fiukhloam's Weapon Boutique.
  1504 | D        | Noticed a demonic crawler
  1504 | D        | Noticed a demonic crawler
  1504 | D        | Noticed a demonic crawler
  1504 | D        | Noticed a demonic crawler
  1519 | D        | Slain by a demonic crawler

Skill      XL: |  1  2  3  4  5  6  7  8 |
---------------+-------------------------+-----
Stealth        | 2 4 6 9 11 13 | 13.9
Unarmed Combat | 4 5 7 9 10 | 10.8
Spellcasting   | 3 5 7 8 10 | 10.2
Transmutations | 4 5 7 8 10 11 | 11.6
Dodging        | 4 5 6 7 8 |  8.7
Fighting       | 1 2 |  2.6
Poison Magic   | |  0.4

Action                   |  1- 3 |  4- 6 |  7- 9 || total
-------------------------+-------+-------+-------++-------
Melee: Unarmed           |     9 |    19 |    25 ||    53
       Headbutt          |     3 |       |       ||     3
 Cast: Beastly Appendage |     1 |       |       ||     1
       Sticks to Snakes  |     7 |       |       ||     7
       Spider Form       |       |     3 |     1 ||     4
       Blade Hands       |       |     1 |       ||     1
       Ice Form          |       |       |     2 ||     2
  Use: Potion            |     1 |       |     2 ||     3
 Stab: Sleeping          |     1 |     3 |     4 ||     8
Armor: Robe              |       |       |     3 ||     3
       Skin              |       |       |     2 ||     2
Dodge: Dodged            |     6 |    10 |    38 ||    54
